 Dungeon Crawl Stone Soup version 0.31-a0-237-g2d982f9f85 (webtiles) character file.

Game seed: 3503698759658903774

18 Iniera the Stinger (level 2, 0/20 HPs)
             Began as a Demigod Venom Mage on July 12, 2023.
             Slain by a kobold
             ... wielding a +0 dagger
              (1 damage)
             ... on level 1 of the Dungeon.
             The game lasted 00:00:55 (468 turns).

Iniera the Stinger (Demigod Venom Mage)              Turns: 468, Time: 00:00:56

Health: 0/20       AC:  2    Str:  9    XL:     2   Next: 36%
Magic:  6/7        EV: 12    Int: 17    God:
Gold:   20         SH:  0    Dex: 14    Spells: 4/5 levels left

rFire   . . .        f - +1 whip (venom)
rCold   . . .        (no shield)
rNeg    . . .        a - +0 robe
rPois   .            c - +0 hat
rElec   .            (no cloak)
rCorr   .            (no gloves)
SInv    .            (no boots)
Will    .....        (no amulet)
Stlth   ++           (no ring)
HPRegen 0.23/turn    (no ring)
MPRegen 0.10/turn

%: no passive effects
@: no status effects
A: high MP 1, forlorn, divine attributes
a: no special abilities


You were on level 1 of the Dungeon.
You visited 1 branch of the dungeon, and saw 1 of its levels.

You collected 20 gold pieces.

Inventory:

Hand Weapons
 f - a +1 whip of venom (weapon)
Armour
 a - a +0 robe (worn)
 c - a +0 hat (worn)
Potions
 b - a potion of magic
 d - a potion of degeneration {unknown}
 e - a potion of might {unknown}


   Skills:
 + Level 1.9 Dodging
 + Level 1.9 Stealth
 * Level 2.1 Spellcasting
 + Level 0.3 Conjurations
 + Level 1.0 Transmutations
 + Level 0.3 Air Magic
 + Level 2.8 Poison Magic


You had 4 spell levels left.
You knew the following spells:

 Your Spells              Type           Power      Damage    Failure   Level
a - Sting                 Tmut/Pois      32%        1d4       9%          1

Your spell library contained the following spells:

 Spells                   Type           Power      Damage    Failure   Level
 Poisonous Vapours        Pois/Air       14%        N/A       16%         2
 Mephitic Cloud           Conj/Pois/Air  5%         N/A       34%         3
 Olgreb's Toxic Radiance  Pois           11%        N/A       52%         4


Dungeon Overview and Level Annotations

Branches:
Dungeon (1/15)


Innate Abilities, Weirdness & Mutations

You have an increased reservoir of magic. (+10% MP)
You shall have no god before yourself.
Your divine heritage dramatically boosts your attributes as you level up.


Message History

You are too injured to fight recklessly!
You are too injured to fight recklessly!
You are too injured to fight recklessly!
You are too injured to fight recklessly!
You are too injured to fight recklessly!
Aiming: Sting (safe; 9% risk of failure)
Press: ? - help, Q - select action Shift-Dir - straight line, f - goblin
Aim: a goblin, wielding a +0 dagger (moderately wounded, 60% to hit)
The sting misses the goblin.
The goblin hits you but does no damage.
Unknown command.
You are too injured to fight recklessly!
You are too injured to fight recklessly!
You are too injured to fight recklessly!
You closely miss the goblin.
The goblin is moderately wounded.
The goblin hits you with a +0 dagger.
You hit the goblin but do no damage.
The goblin is poisoned.
The goblin closely misses you.
You closely miss the goblin.
The goblin is severely wounded.
The kobold closely misses you.
A hobgoblin comes into view.
The goblin hits you with a +0 dagger.
The hobgoblin shouts!
You hit the kobold.
The kobold is heavily wounded.
The kobold hits you with a +0 dagger.
* * * LOW HITPOINT WARNING * * *
The goblin hits you with a +0 dagger.
* * * LOW HITPOINT WARNING * * *
The goblin hits you with a +0 dagger.
* * * LOW HITPOINT WARNING * * *
The kobold hits you with a +0 dagger.
* * * LOW HITPOINT WARNING * * *
You miss the kobold.
The kobold is heavily wounded.
You kill the goblin!
The kobold hits you with a +0 dagger.
You die...

##............##
#..............#
#..............#
#.g............#
#..............#
#......!.......# ##
#?...K.......# #.
#..)@......# ######.
#....###.#######......
#................####.
#...........#######...
########.##.#######...
#..#...........
##.########.... ..
##.>. #. #...


You could see a hobgoblin and a kobold.

Vanquished Creatures
  A dart slug (D:1)
  A ball python (D:1)
  2 endoplasms (D:1)
  A giant cockroach (D:1)
  2 goblins (D:1)
  5 kobolds (D:1)
  2 bats (D:1)
  2 frilled lizards (D:1)
  A rat (D:1)
17 creatures vanquished.

Notes
Turn   | Place    | Note
-------+----------+-------------------------------------------
     0 | D:1      | Iniera the Demigod Venom Mage began the quest for the Orb.
     0 | D:1      | Reached XP level 1. HP: 14/14 MP: 5/5
   157 | D:1      | Reached skill level 1 in Transmutations
   172 | D:1      | Reached XP level 2. HP: 16/20 MP: 1/7
   467 | D:1      | HP: 1/20 [kobold/+0 dagger (1)]
   468 | D:1      | Slain by a kobold

Illustrated notes

Levels and vault maps discovered:
D:1:      nicolae_arrival_washed_ashore, layout_rooms, serial_bayou_pond_a,
          minmay_tromino_i2

Skill      XL: |  1 |
---------------+----+-----
Transmutations | 1 |  1.0
Spellcasting   | 2 |  2.1
Dodging        | |  1.9
Stealth        | |  1.9
Conjurations   | |  0.3
Air Magic      | |  0.3
Poison Magic   | |  2.8

Action                     || total
---------------------------++-------
  Melee: Short sword       ||    16
         Unarmed           ||     1
         Whip              ||    13
         Punch             ||     1
   Cast: Sting             ||    18
 Armour: Robe              ||    12
  Dodge: Dodged            ||    39

Table legend: (Time is in decaauts)
 A = Elapsed time spent in this place.
 B = Non-inter-level travel time spent in this place.
 C = Inter-level travel time spent in this place.
 D = Time resting spent in this place.
 E = Time spent auto-exploring this place.
 F = Levels seen in this place.
 G = Mean time per level.
                   A        B        C        D        E       F      G
               +--------+--------+--------+--------+--------+-----+--------+
         Total |    470 |    470 |      0 |      0 |    357 |   1 |  470.0 |
       Dungeon |    470 |    470 |      0 |      0 |    357 |   1 |  470.0 |
               +--------+--------+--------+--------+--------+-----+--------+

Top non-repeatable levels by time:
     D:1: 470 daAuts
